 Dungeon Crawl Stone Soup version 0.31.0-11-ge490571c62 (webtiles) character file.

Game seed: 8237176761203326236

1828 hikkokomori the Skirmisher (level 8, -2/69 HPs)
             Began as a Deep Elf Earth Elementalist on Feb 4, 2024.
             Was an Initiate of Gozag.
             Slain by an orc warrior
             ... wielding a +0 war axe
              (7 damage)
             ... on level 7 of the Dungeon.
             The game lasted 00:15:57 (5965 turns).

hikkokomori the Skirmisher (DEEE)                   Turns: 5965, Time: 00:15:57

Health: -2/69      AC: 24    Str:  5    XL:     8   Next: 86%
Magic:  2/19       EV:  2    Int: 23    God:    Gozag
Gold:   1029       SH:  0    Dex: 15    Spells: 0/19 levels left

rFire   . . .        x - +0 sling (freeze)
rCold   . . .        (no shield)
rNeg    . . .        r - melded +2 leather armour of Ritenn {rElec rPois rN+ Str+3}
rPois   +            (helmet currently unavailable)
rElec   .            l - melded +0 cloak
rCorr   .            (gloves currently unavailable)
SInv    .            (boots currently unavailable)
Will    .....        (no amulet)
Stlth   ++           (no ring)
HPRegen 0.31/turn    (no ring)
MPRegen 0.16/turn

%: no passive effects
@: mighty, tree-form
A: stationary, stasis, torment immunity, boosted hp
a: Renounce Religion, Potion Petition, Call Merchant, Bribe Branch


You were on level 7 of the Dungeon.
You worshipped Gozag.
Gozag was most pleased with you.
You were a tree.
You visited 1 branch of the dungeon, and saw 7 of its levels.

You collected 1029 gold pieces.

Inventory:

Hand Weapons
 c - a +0 sling
 x - a +0 sling of freezing (weapon)
Missiles
 s - 27 poisoned darts
Armour
 a - a +0 robe
 l - a +0 cloak (melded)
 r - the +2 leather armour of Ritenn (melded) {rElec rPois rN+ Str+3}
   (You found it on level 3 of the Dungeon)

   Str+3:     It affects your strength (+3).
   rElec:     It insulates you from electricity.
   rPois:     It protects you from poison rN+: It protects you from negative
   energy.
Wands
 B - a wand of digging (4)
Scrolls
 d - a scroll of acquirement {unknown}
 i - 2 scrolls of fog
 m - a scroll of blinking {unknown}
 n - 2 scrolls of enchant weapon {unknown}
 o - 3 scrolls of vulnerability {unknown}
 t - 3 scrolls of fear
 u - a scroll of immolation {unknown}
 w - a scroll of teleportation {unknown}
 y - a scroll of revelation {unknown}
 A - 3 scrolls of poison {unknown}
Potions
 b - a potion of magic
 e - a potion of curing
 f - a potion of might
 g - a potion of heal wounds {unknown}
 h - a potion of degeneration {unknown}
 j - 2 potions of cancellation
 k - 3 potions of lignification
 p - a potion of enlightenment
 q - a potion of mutation
 v - a potion of attraction {unknown}
 z - a potion of invisibility
 C - a potion of haste {unknown}


   Skills:
 - Level 3.0 Fighting
 + Level 8.0 Ranged Weapons
 - Level 2.4 Dodging
 - Level 2.4 Stealth
 - Level 6.3 Spellcasting
 - Level 5.2 Conjurations
 - Level 6.1 Earth Magic
 + Level 3.7 Alchemy


You couldn't memorise any spells.
You knew the following spells:

 Your Spells              Type           Power      Damage    Failure   Level
a - Sandblast             Erth           70%        2d15      1%          1
b - Stone Arrow           Conj/Erth      66%        3d11      2%          3
c - Passwall              Erth           35%        N/A       1%          3
d - Volatile Blastmotes   Fire/Tloc      14%        2d11      24%         3
e - Brom's Barrelling Bo  Conj/Erth      33%        2d5       8%          4
f - Apportation           Tloc           14%        N/A       9%          1
g - Petrify               Alch/Erth      30%        N/A       11%         4

Your spell library contained the following spells:

 Spells                   Type           Power      Damage    Failure   Level
 Dazzling Flash           Conj/Hex       38%        N/A       9%          3
 Starburst                Conj/Fire      9%         6d5       99%         6
 Maxwell's Capacitive Co  Air            3%         ∞         100%        8


Dungeon Overview and Level Annotations

Branches:
Dungeon (7/15)
 Temple: D:4-7

Altars:
Elyvilon
Gozag
Hepliaklqana
Kikubaaqudgha
Okawaru
Sif Muna
Trog
Vehumet


Message History

Fire: x) +0 sling (freeze)
Press: ? - help, Shift-Dir - straight line, f/p - orc warrior
Aim: an orc warrior, wielding a +0 war axe and wearing a +0 chain mail (severely wounded, 58% to hit)
You shoot a sling bullet.
The sling bullet hits the orc warrior but does no damage.
The orc warrior is severely wounded.
The orc warrior hits you but does no damage.
Unknown command.
Fire: x) +0 sling (freeze)
Press: ? - help, Shift-Dir - straight line, f/p - orc warrior
Aim: an orc warrior, wielding a +0 war axe and wearing a +0 chain mail (severely wounded, 58% to hit)
You shoot a sling bullet.
The sling bullet hits the orc warrior but does no damage.
The orc warrior is severely wounded.
The orc warrior hits you but does no damage.
Fire: x) +0 sling (freeze)
Press: ? - help, Shift-Dir - straight line, f/p - orc warrior
Aim: an orc warrior, wielding a +0 war axe and wearing a +0 chain mail (severely wounded, 58% to hit)
You shoot a sling bullet. The sling bullet hits the orc warrior.
The sling bullet freezes the orc warrior.
The orc warrior is almost dead.
The orc warrior hits you but does no damage.
Unknown command.
Fire: x) +0 sling (freeze)
Press: ? - help, Shift-Dir - straight line, f/p - orc warrior
Aim: an orc warrior, wielding a +0 war axe and wearing a +0 chain mail (almost dead, 58% to hit)
You shoot a sling bullet.
The sling bullet hits the orc warrior but does no damage.
The orc warrior is almost dead.
The orc warrior hits you but does no damage.
Unknown command.
Fire: x) +0 sling (freeze)
Press: ? - help, Shift-Dir - straight line, f/p - orc warrior
Aim: an orc warrior, wielding a +0 war axe and wearing a +0 chain mail (almost dead, 58% to hit)
You shoot a sling bullet.
The sling bullet hits the orc warrior but does no damage.
The orc warrior is almost dead.
The orc warrior hits you with a +0 war axe!
You die...
Your body crumbles into a pile of gold.

### #♣# #... #o#
#... #.# #....
#$# #.... #.#
#..... #.#
#.....##$#####
#.....$......#
#..../.......####


You could see an orc warrior.

Vanquished Creatures
  A steam dragon (D:7)
  A water moccasin (D:6)
  A sky beast (D:4)
  An ogre (D:6)
  2 phantoms (D:5)
  A kobold brigand (D:6)
  Blork the orc (D:6)
  A bullfrog (D:7)
  2 scorpions (D:5)
  A gnoll sergeant (D:5)
  4 wights (D:6)
  A howler monkey (D:5)
  A jelly (D:4)
  A bombardier beetle (D:5)
  3 hounds
  3 sleepcaps
  A gnoll bouda (D:5)
  4 iguanas
  Terence (D:2)
  2 adders
  9 gnolls
  4 white imps
  4 ufetubi
  A ribbon worm (D:4)
  15 orcs
  10 endoplasms
  A giant cockroach (D:2)
  8 goblins
  5 hobgoblins
  13 kobolds
  8 ball pythons
  6 bats
  2 frilled lizards
  5 rats
124 creatures vanquished.

Notes
Turn   | Place    | Note
-------+----------+-------------------------------------------
     0 | D:1      | hikkokomori the Deep Elf Earth Elementalist began the quest
                  | for the Orb.
     0 | D:1      | Reached XP level 1. HP: 10/10 MP: 6/6
   208 | D:1      | Reached skill level 1 in Ranged Weapons
   233 | D:1      | Reached XP level 2. HP: 7/15 MP: 5/8
   697 | D:1      | Reached skill level 2 in Ranged Weapons
   697 | D:1      | Reached XP level 3. HP: 16/19 MP: 3/9
   851 | D:2      | Found a faded altar of an unknown god.
   859 | D:2      | Prayed at the altar of an unknown god.
   859 | D:2      | Became a worshipper of Gozag Ym Sagoz the Greedy
  1254 | D:2      | Noticed Terence
  1262 | D:2      | Killed Terence
  1263 | D:2      | Reached XP level 4. HP: 11/24 MP: 4/10
  1606 | D:3      | Found a white marble altar of Elyvilon.
  1972 | D:3      | Identified the +2 leather armour of Ritenn {rElec rPois rN+
                  | Str+3}
  1988 | D:3      | Learned a level 3 spell: Stone Arrow
  1992 | D:3      | Learned a level 3 spell: Passwall
  2233 | D:4      | Reached skill level 3 in Ranged Weapons
  2326 | D:4      | Reached XP level 5. HP: 28/28 MP: 0/12
  2691 | D:4      | Found an ancient bone altar of Kikubaaqudgha.
  2691 | D:4      | Found a shimmering blue altar of Sif Muna.
  2693 | D:4      | Found a radiant altar of Vehumet.
  2698 | D:4      | Got Sif Muna's Omnibus of the Voyage
  2703 | D:4      | Learned a level 3 spell: Volatile Blastmotes
  2960 | D:4      | Noticed a sky beast
  2993 | D:4      | Killed a sky beast
  2994 | D:4      | Reached skill level 4 in Ranged Weapons
  2994 | D:4      | Reached XP level 6. HP: 6/32 MP: 4/14
  3139 | D:4      | Reached skill level 5 in Earth Magic
  3555 | D:5      | Entered Level 5 of the Dungeon
  3679 | D:5      | Reached skill level 5 in Spellcasting
  3679 | D:5      | Reached XP level 7. HP: 28/36 MP: 11/16
  3719 | D:5      | Reached skill level 5 in Ranged Weapons
  3919 | D:5      | Found an iron altar of Okawaru.
  4266 | D:5      | Found a bloodstained altar of Trog.
  4316 | D:5      | Reached skill level 5 in Conjurations
  4506 | D:5      | Reached skill level 6 in Ranged Weapons
  4506 | D:5      | Reached XP level 8. HP: 41/41 MP: 15/19
  4533 | D:5      | Found a hazy altar of Hepliaklqana.
  4982 | D:6      | Learned a level 4 spell: Brom's Barrelling Boulder
  4997 | D:6      | Learned a level 1 spell: Apportation
  5002 | D:6      | Learned a level 4 spell: Petrify
  5061 | D:6      | Reached skill level 1 in Fighting
  5126 | D:6      | Reached skill level 1 in Alchemy
  5258 | D:6      | Reached skill level 7 in Ranged Weapons
  5587 | D:6      | Noticed Blork the orc
  5593 | D:6      | Killed Blork the orc
  5938 | D:7      | Reached skill level 8 in Ranged Weapons
  5951 | D:7      | HP: 2/46 [orc warrior/+0 war axe (6)]
  5956 | D:7      | HP: 2/69 [orc warrior/+0 war axe (4)]
  5965 | D:7      | Slain by an orc warrior

Illustrated notes

Levels and vault maps discovered:
D:1:      nzn_arrival_depleted_hourglass, layout_loops_ring
D:2:      layout_rooms, hellmonk_ecumenical_altar_heavens_door, serial_curves,
          eino_curves_03, eino_curves_01, eino_curves_03, eino_curves_02,
          minmay_pentomino_u2, uniq_terence
D:3:      layout_loops_ring, mainiacjoe_overflow_small_starburst
D:4:      layout_loops_ring, grunt_temple_overflow_magic_moments,
          minmay_misc_feat_four_crosses, minmay_quantized
D:5:      layout_basic, mainiacjoe_overflow_chevrons, trog_three_pillars_becter,
          nicolae_hepliaklqana_hazy_memory
D:6:      layout_rooms, nicolae_elevator_lobby_plus, uniq_blork_the_orc
D:7:      layout_basic, nzn_wu_jian_contemplation, lemuel_doored_altar,
          minmay_temple_entry_large_hall

Skill      XL: |  1  2  3  4  5  6  7  8 |
---------------+-------------------------+-----
Ranged Weapons | 1 2 3 4 6 8 |  8.0
Conjurations   | 2 3 4 5 |  5.2
Earth Magic    | 4 5 6 |  6.1
Spellcasting   | 4 5 6 |  6.3
Fighting       | 3 |  3.0
Alchemy        | 3 |  3.7
Dodging        | |  2.4
Stealth        | |  2.4

Action                     |  1- 3 |  4- 6 |  7- 9 || total
---------------------------+-------+-------+-------++-------
   Fire: Sling             |    29 |    89 |   112 ||   230
   Cast: Sandblast         |    27 |    64 |    36 ||   127
         Stone Arrow       |       |     8 |    37 ||    45
         Volatile Blastmot |       |       |     1 ||     1
         Petrify           |       |       |     1 ||     1
  Evoke: Wand              |       |       |     1 ||     1
    Use: Scroll            |       |     1 |     8 ||     9
         Potion            |       |     1 |     4 ||     5
 Armour: Robe              |     5 |       |       ||     5
         Leather armour    |       |    52 |    57 ||   109
         Skin              |       |       |    12 ||    12
  Dodge: Dodged            |     6 |    36 |    66 ||   108
